Workbook

Sheet Todos os Itens
A1: ANEXO II DO EDITAL MODELO DE PROPOSTA
A3: Licitação: | C3: Pregão Eletrônico - COREN/AM nº XXX/20XX - SRP
A4: Nome de Fantasia:
A5: Razão Social:
A6: CNPJ: | F6: Optante pelo Simples:
A7: Endereço:
A8: Bairro: | F8: Cidade:
A9: CEP: | F9: E-mail:
A10: Telefone: | F10: Fax:
A11: Banco: | E11: Nome do Favorecido:
A12: Nº da agência bancária: | E12: Conta Bancária: | H12: Tipo de Conta:
A14: 1. OBJETO
A15: 1.1. Registro de preço para contratação de empresa especializada no fornecimento de serviços e produtos sob demanda, abrangendo planejamento operacional, organização, execução, acompanhamento, fornecimento de alimentação e bebidas, infraestrutura, transportes, apoio logístico, ornamentação, outros em geral, para realização de eventos e correlatos pelo Conselho Regional de Enfermagem do Amazonas, pelo período de 12 (doze) meses, conforme condições, quantidades e exigências estabelecidas no Pregão Eletrônico – SRP nº __/20__.
A17: 2. PLANILHA DE PREÇOS
A18: 2.1. Apresentar planilha descritiva com marca, valores unitários, total, junto com total geral do grupo, conforme descrito no Termo de Referência - Anexo I do Edital.
A20: Item Único
A21: ITEM 1 - SERVIÇO DE PROMOÇÃO DE EVENTO
A22: Serviços e Produtos Sob Demanda | H22: Valor Total - R$
A23: Seção I: Serviços Especializados | H23: ='Serviços e Produtos Sob Demanda'!H38 -> 481697.49
A24: Seção II: Equipamento e Material de Apoio | H24: ='Serviços e Produtos Sob Demanda'!H75 -> 316830.51
A25: Seção III: Instalações e Mobiliário | H25: ='Serviços e Produtos Sob Demanda'!H94 -> 80744.62
A26: Seção IV: Transportes | H26: ='Serviços e Produtos Sob Demanda'!H101 -> 22566.66
A27: Seção V: Alimentação e Bebidas | H27: =ROUND(SUM(H28:I30),2) -> 339511.6
A28: Grupo I: Alimentação e Bebidas em Geral | H28: ='Serviços e Produtos Sob Demanda'!H119 -> 325394.1
A29: Grupo II: Frutas In Natura | H29: ='Serviços e Produtos Sob Demanda'!H125 -> 9880
A30: Grupo III: Alimentos Prontos | H30: ='Serviços e Produtos Sob Demanda'!H131 -> 4237.5
A31: Seção VI: Ornamentação | H31: ='Serviços e Produtos Sob Demanda'!H139 -> 25459.3
A32: Seção VII: Gráficos | H32: ='Serviços e Produtos Sob Demanda'!H182 -> 869752.25
A33: Seção VIII: Locação de Espaço, itens 50 e 51 | H33: ='Serviços e Produtos Sob Demanda'!H189 -> 116933.33
A34: Vlr. Global (R$) | H34: =ROUND(H23+H24+H25+H26+H27+H31+H32+H33,2) -> 2253495.8
A36: • Validade da Proposta: ___ (_______) dias, observado o prazo mínimo de 60 (sessenta) dias.
A37: • Nos preços apresentados deverão incluir todos os custos com salários, horas extras, encargos sociais, transportes, uniformes, lucros, encargos fiscais e para-fiscais, despesas diretas e indiretas, bem como aquelas indispensáveis para execução do objeto.
A38: • Declaramos que os serviços aqui ofertados estão de acordo com as especificações do Termo de Referência da presente licitação.
A39: • Declaramos conhecer e nos submetemos integralmente a todas as cláusulas e condições do presente Edital e seus anexos.
A41: VALOR GLOBAL DA PROPOSTA: | D41: =H34 -> 2253495.8 | F41: (___________________________________________)
E44: (Local)/(UF) | G44: =TODAY() -> 45030
A46: ASSINATURA:
C47: (Nome de Responsavel Legal)
C48: Responsavel Legal

Sheet Serviços e Produtos Sob Demanda
A1: PLANILHA ORÇAMENTÁRIA - SERVIÇOS E PRODUTOS SOB DEMANDA
A3: Seção I: Serviços Especializados
A5: Item | B5: Tipo de Serviço ou Produto | C5: ESPECIFICAÇÃO DETALHADAS | D5: Unidade de Medida | E5: Quantidade Mínima | F5: Quantidade Total | G5: Valor Unitário | H5: Valor Total
A6: 1 | B6: Mestre de Cerimônias ou Apresentador | C6: O serviço deverá ser executado por profissional capacitado e com experiência na atividade de mestre de cerimônias, inclusive em cerimônia técnico-científica, no trato com autoridades e habilidade em lidar com pessoas, boa postura, desenvoltura, adequada presença de palco, boa dicção, voz adequada à apresentação de cerimonial, articulação e interpretação de possíveis improvisos no cerimonial. | D6: Diária de 8hrs | E6: 1 | F6: 10 | G6: 540.87 | H6: =ROUND(F6*G6,2) -> 5408.7
A7: =A6+1 -> 2 | B7: Recepcionista | C7: O serviço deverá ser executado por profissional dinâmico, com boa postura, capacitado e com experiência na atividade de recepção a eventos, com habilidade em lidar com pessoas e no trato com autoridades. | D7: Diária de 8hrs | E7: 2 | F7: 80 | G7: 132.21 | H7: =ROUND(F7*G7,2) -> 10576.8
A8: =A7+1 -> 3 | B8: Intérprete consecutivo em Libras (Janela de Libras) | C8: O serviço deverá ser realizado por profissional com experiência comprovada. | D8: Hora | E8: 2 | F8: 134 | G8: 144.23 | H8: =ROUND(F8*G8,2) -> 19326.82
A9: =A8+1 -> 4 | B9: Garçom (garçonete) | C9: O serviço deverá ser executado por profissional capacitado e com experiência na atividade de garçom (garçonete), devidamente uniformizado(a) e qualificado(a) para realizar todo correspondente à função de garçom, inclusive no atendimento à mesa diretora e à sala VIP, com experiência em evento e no trato com autoridades. | D9: Diária de 8hrs | E9: 1 | F9: 20 | G9: 96.16 | H9: =ROUND(F9*G9,2) -> 1923.2
A10: =A9+1 -> 5 | B10: Apresentação Regional Musical Tipo 1 | C10: O serviço deverá ser executado por profissionais capacitados, com experiência e com amplo reconhecimento em apresentação musical no município de Manaus/AM incluído o fornecimento dos equipamentos como instrumento, microfone e demais insumos necessários para apresentação. Referencias: Banda Joy, Orion, Zouk, Realizare ou Moovee do Município de Manaus/AM. | D10: Diária de 4hrs | E10: 1 | F10: 2 | G10: 6000 | H10: =ROUND(F10*G10,2) -> 12000
A11: =A10+1 -> 6 | B11: Apresentação Regional Musical Tipo 2 | C11: O serviço deverá ser executado por profissionais capacitados, com experiência e com amplo reconhecimento em apresentação musical no estado do Amazonas incluído o fornecimento dos equipamentos como instrumento, microfone, equipamento de som, e demais insumos necessários para apresentação. Referencias: Marcia Siqueira, Raízes Cablocas, Nicolas Júnior, Celdo Braga, Cileno, Marcio Cigano e etc. | D11: Hora | E11: 1 | F11: 6 | G11: 466.67 | H11: =ROUND(F11*G11,2) -> 2800.02
A12: =A11+1 -> 7 | B12: DJ | C12: O Serviço deverá ser executado por profissional capacitado e com experiência em apresentação de música ambiente, através de músicas selecionadas para reprodução das mais diferentes composições, previamente gravadas permitindo um ambiente musical harmonioso ao evento, incluído o fornecimento dos equipamentos como instrumento, microfone e demais insumos necessários para apresentação. | D12: Hora | E12: 2 | F12: 16 | G12: 233.33 | H12: =ROUND(F12*G12,2) -> 3733.28
A13: =A12+1 -> 8 | B13: Técnico em iluminação | C13: O serviço deverá ser executado por profissional capacitado e com experiência na atividade de iluminação que será responsável pela instalação, testes, ajustes e manuseio do sistema de iluminação do evento. | D13: Diária de 8hrs | E13: 1 | F13: 13 | G13: 120.19 | H13: =ROUND(F13*G13,2) -> 1562.47
A14: =A13+1 -> 9 | B14: Diretor de TV | C14: Conhecimento e domínio de software como streamyard, Zoom, Vmix, Atem, Livestream, ou ferramentas de lives correlatas. Domínio e operação de mesas de áudio e switches de vídeo (mesa de corte), preparação e testes de equipamentos de áudio e vídeo, como câmeras e microfones, enquadramento (vídeo) de participantes da live, envio de chaves e testes de sinal com as redes sociais junto ao cliente e ao operador técnico. | D14: Diária de 8hrs | E14: 1 | F14: 31 | G14: 750 | H14: =ROUND(F14*G14,2) -> 23250
A15: =A14+1 -> 10 | B15: Operador Técnico de Live | C15: Profissional com domínio em software como streamyard, Zoom, Vmix, Atem, Livestream, ou ferramentas de lives correlatas. Domínio na configuração das máquinas e equipamentos necessários para realização da live. Preparação técnica de todos equipamentos necessários para live. Separação e organização dos equipamentos e cabos para as transmissões, acompanhamento técnico das transmissões preparando, testando e ajustando os sinais de internet e link para realização de sucesso das lives. | D15: Diária de 8hrs | E15: 1 | F15: 31 | G15: 2266.67 | H15: =ROUND(F15*G15,2) -> 70266.77
A16: =A15+1 -> 11 | B16: Operador Técnico de Som | C16: O serviço deverá ser executado por profissional dinâmico e com experiência na atividade de instalação e reparo em equipamentos de som de acordo com a direção do evento, fornecendo manutenção aos equipamentos, auxiliando tecnicamente o DJ, quando necessário e instala, configura, opera e monitora sistemas de gravação. Além de cuidar de todo o sistema de ligação, alinhar o sistema de som antes do evento. | D16: Diária de 8hrs | E16: 1 | F16: 16 | G16: 463.33 | H16: =ROUND(F16*G16,2) -> 7413.28
A17: =A16+1 -> 12 | B17: Locutor/Apresentador de evento | C17: Locutor / apresentador com experiência em eventos com grande público, o profissional deverá Chegar com até 1h30 de Antecedência ao Início do evento até a Conclusão Total dos Trabalhos. | D17: Diária de 6hrs | E17: 1 | F17: 2 | G17: 540.87 | H17: =ROUND(F17*G17,2) -> 1081.74
A18: =A17+1 -> 13 | B18: Coordenador de Evento Esportivo | C18: profissional responsável por coordenar e organizar a estrutura e staffs do evento. | D18: Unid. | E18: 1 | F18: 2 | G18: 400 | H18: =ROUND(F18*G18,2) -> 800
... A37: =A36+1 -> 32 | B37: Serviços de credenciamento eletrônico: | C37: Sistema com software para credenciamento e coleta de dados pessoais, documentos, foto digital e impressão de etiqueta para crachá. Inclui utilização de estação de credenciamento composta por notebooks, impressoras de alta tecnologia (inclusive leitura e impressão de código de barras), servidor próprio, etc. O sistema deve garantir ao contratante exclusividade de acesso às informações gerenciais, estatísticas e gerais dos participantes (ex.: formação acadêmica, faixa etária, ocupação, estado de origem, cursos e atividades que pretende participar durante o evento, etc). | D37: Unid. | E37: 1 | F37: 10 | G37: 6600 | H37: =ROUND(F37*G37,2) -> 66000
A38: SUBTOTAL | H38: =ROUND(SUM(H6:H37),2) -> 481697.49
A40: Seção II: Equipamentos e Material de Apoio
A42: Item | B42: Tipo de Serviço ou Produto | C42: ESPECIFICAÇÃO DETALHADAS | D42: Unidade de Medida | E42: Quantidade Mínima | F42: Quantidade Total | G42: Valor Unitário | H42: Valor Total
A43: =A37+1 -> 33 | B43: Mesa de corte | C43: Locação de mesa de corte para transmissão simultânea da filmagem, com 8 entradas em vídeo composto, monitores de LCD, com saída de monitoração independente por canal, com diretor de corte e equipamento para gravação e armazenamento do vídeo. | D43: Diária de 8hrs | E43: 1 | F43: 50 | G43: 250 | H43: =ROUND(F43*G43,2) -> 12500
A44: =A43+1 -> 34 | B44: Plano de Fundo (Janela de Libras) | C44: Locação de plano de fundo o qual deve ser nas cores azul ou verde em tonalidade compatível para a aplicação da técnica de edição Chroma Keyer, que permite a substituição do cenário do vídeo por uma imagem. | D44: Diária de 8hrs | E44: 1 | F44: 18 | G44: 2333.33 | H44: =ROUND(F44*G44,2) -> 41999.94
A45: =A44+1 -> 35 | B45: Transmissão ao vivo (SDE) | C45: Transmissão ao vivo para web Ao vivo, em tempo real, em canal do Youtube ou outro a ser definido pelo Coren/AM, numa taxa mínima de 512kbps. Deve ser fornecido computador com placa de captura de vídeo e configuração mínimo de Processador Intel Core I5; 8 Gb de Memória RAM; Placa de vídeo 128MB; Teclado ABNT-2; Mouse de 600 dpi; HD de 500 GB; Placa de som; Placa de Rede Gigabit; Placa de Rede WIFI 802.11b/g/n, Unidade DVD-RW; 2 USB 2.0 e 2 USB 3.0; Windows 7 Profissional com Pacote Office 2013 Standard atualizados, monitor LED 22. | D45: Diária de 8hrs | E45: 1 | F45: 50 | G45: 1805.3 | H45: =ROUND(F45*G45,2) -> 90265
A46: =A45+1 -> 36 | B46: Câmera/Filmagem | C46: 04 (quatro) Câmeras (sendo uma para janela de libras) de filmagem e 01 (uma) câmera para fotografia, todos em sistema digital, com capacidade de captura em full HD, com saída em padrão HDMI ou SDI, apoiada em tripé pantográfico, com cabeça móvel, com operadores profissionais e com entrega do produto final em CD/DVD/PEN DRIVE, identificado com o nome do evento, data e hora, com prestação de serviços de técnico treinado e capacitado. | D46: Diária de 8hrs | E46: 1 | F46: 50 | G46: 427.89 | H46: =ROUND(F46*G46,2) -> 21394.5
A47: =A46+1 -> 37 | B47: Ponto de acesso cenário 1 | C47: Até 150 pessoas; Área aprox. de 400 m2; No mínimo 4 Aps (Access Points wireless) switch com no mínimo 12 portas; Link com mínimo de 10 M de download e 2 de upload. | D47: Diária de 10hrs | E47: 1 | F47: 8 | G47: 2445.91 | H47: =ROUND(F47*G47,2) -> 19567.28
A48: =A47+1 -> 38 | B48: Ponto de acesso cenário 2 | C48: Até 150 pessoas; Área aprox. de 400 m2; No mínimo 4 Aps (Access Points wireless) switch com no mínimo 12 portas; Link com mínimo de 10 M de download e 2 de upload. | D48: Diária de 04hrs | E48: 1 | F48: 10 | G48: 3270.44 | H48: =ROUND(F48*G48,2) -> 32704.4
A49: =A48+1 -> 39 | B49: Projetor Multimídia 3000 ansi-lumens | C49: Projetor multimídia, tipo Datashow, de 3000 ansi-lumens, incluso: cabos adaptadores, controle remoto e ponteira laser. | D49: Diária de 8hrs | E49: 1 | F49: 20 | G49: 186.3 | H49: =ROUND(F49*G49,2) -> 3726
A50: =A49+1 -> 40 | B50: Tela de projeção 180’’ | C50: (3,66m x 2,74m) com tripé ou pendurada. | D50: Diária de 8hrs | E50: 1 | F50: 20 | G50: 98.56 | H50: =ROUND(F50*G50,2) -> 1971.2
A51: =A50+1 -> 41 | B51: Locação Equipamento de som – (eventos de grande porte – Corridas) | C51: Equipamento de som – Locação de: 04 Cxs de som alta mod. referência RCF 15pl; 04 Cxs de som p/ tripé mod. referência RCF 15pl; 02 Cxs de sub SB850 2x18; 04 Tripés de alumínio p/ Cx; 01 Mesa digital mod. referência Yamaha 01v; 02 CDJ mod. referência Pioneer 400; 01 Mixer mod. referência Pioneer 400; 01 Malão com cabeamento; 01 Rack de potências mod. referência Pawertec; 01 Rack distribuidor de energia. | D51: Diária de 8hrs | E51: 1 | F51: 3 | G51: 6833.33 | H51: =ROUND(F51*G51,2) -> 20499.99
A52: =A51+1 -> 42 | B52: Microfone Tipo 1 | C52: Microfone dee mão sem fio, UHF profissional, com fornecimento contínuo de bateria e com pedestal de mesa ou de chão, quando necessários. | D52: Diária de 8hrs | E52: 1 | F52: 60 | G52: 48.18 | H52: =ROUND(F52*G52,2) -> 2890.8
A53: =A52+1 -> 43 | B53: Microfone Tipo 2 | C53: Microfone de lapela sem fio, UHF Profissional, com fornecimento contínuo de bateria. | D53: Diária de 8hrs | E53: 1 | F53: 30 | G53: 56 | H53: =ROUND(F53*G53,2) -> 1680
A54: =A53+1 -> 44 | B54: Microfone – TIPO 3 Imagem Ilustrativa: | C54: Microfone estilo “gooseneck”: com dispositivo "uso da palavra" e fornecimento contínuo de bateria. | D54: Diária de 8hrs | E54: 1 | F54: 10 | G54: 51.08 | H54: =ROUND(F54*G54,2) -> 510.8
A55: =A54+1 -> 45 | B55: Rádio de comuicação Imagem Ilustrativa: | C55: Locação de rádio comunicação de 18 canais e alcance de 8 Km. | D55: Unid. | E55: 2 | F55: 40 | G55: 65 | H55: =ROUND(F55*G55,2) -> 2600
... A74: =A73+1 -> 64 | B74: Porta Banner Imagem Ilustrativa: | C74: Porta Banner Retrátil, pantográfico. | D74: Unid. | E74: 1 | F74: 3 | G74: 296.67 | H74: =ROUND(F74*G74,2) -> 890.01
A75: SUBTOTAL | H75: =ROUND(SUM(H43:H74),2) -> 316830.51
A77: Seção III: Instalação e Mobiliário
A79: Item | B79: Tipo de Serviço ou Produto | C79: ESPECIFICAÇÃO DETALHADAS | D79: Unidade de Medida | E79: Quantidade Mínima | F79: Quantidade Total | G79: Valor Unitário | H79: Valor Total
A80: =A74+1 -> 65 | B80: Cadeiras Tipo 1 (Plásticas) Imagem Ilustrativa: | C80: Locação de cadeiras de plástico com braço. | D80: Unid. | E80: 5 | F80: 300 | G80: 5.75 | H80: =ROUND(F80*G80,2) -> 1725
A81: =A80+1 -> 66 | B81: Cadeiras Tipo 2 (Tiffany) Imagem Ilustrativa: | C81: Locação de cadeiras tipo Tiffany, na cor tabaco, branco ou transparente. | D81: Unid. | E81: 10 | F81: 600 | G81: 8 | H81: =ROUND(F81*G81,2) -> 4800
A82: =A81+1 -> 67 | B82: Mesas Tipo 1 (Plásticas) Imagem Ilustrativa: | C82: Locação de mesas de plástico, Mod. Ref: Goyana | D82: Unid. | E82: 3 | F82: 100 | G82: 5 | H82: =ROUND(F82*G82,2) -> 500
A83: =A82+1 -> 68 | B83: Mesas Tipo 2 (Com tampão) Imagem Ilustrativa: | C83: Locação de mesa tipo redonda, podendo ser com tampão, capacidade de 10 (dez) lugares. | D83: Unid. | E83: 5 | F83: 60 | G83: 81.14 | H83: =ROUND(F83*G83,2) -> 4868.4
A84: =A83+1 -> 69 | B84: Mesas – TIPO 3 (banket) Imagem Ilustrativa: | C84: Locação de mesa estilo Banket - Madeira 2,20x0,80m | D84: Unid. | E84: 1 | F84: 10 | G84: 8 | H84: =ROUND(F84*G84,2) -> 80
A85: =A84+1 -> 70 | B85: Balcão reto para Recepção e credenciamento | C85: Balcão de atendimento reto para recepção e ou credencimento em MDF com tamanho de 135x90x50 cm, o balcão MDFem cor branco ou cinza, ou creme com divisórias (gavetas) internas com chave.Comprimento (profundidade): 50 cm. Com cadeiras | D85: Unid. | E85: 1 | F85: 26 | G85: 1137.5 | H85: =ROUND(F85*G85,2) -> 29575
A86: =A85+1 -> 71 | B86: Tribuna Imagem Ilustrativa: | C86: Locação de tribuna (aprox. 1,20m altura x 50cm larg x 40cm profissional), com apoio para microfone. | D86: Unid. | E86: 1 | F86: 5 | G86: 175 | H86: =ROUND(F86*G86,2) -> 875
A87: =A86+1 -> 72 | B87: Mastro de bandeira | C87: instalados de acordo com a natureza do evento. | D87: Diária de 8hrs | E87: 1 | F87: 6 | G87: 46.87 | H87: =ROUND(F87*G87,2) -> 281.22
A88: =A87+1 -> 73 | B88: Tenda Piramidal – TIPO 1 (5x5) Imagem Ilustrativa: | C88: Locação de tendas 5x5m tipo pirâmide, fabricada em chapa de ferro tubular com medidas de 13” a 18” e soldada por sistema MIG, coberta em lona de Cobertura em PVC calambrado, com reforço em poliéster impermeável, blackout solar, anti- chama e anti-mofo, além de ser vulcanizada em alta temperatura, incluso montagem/desmontagem de tenda com lona e estrutura metálica e anotação de responsabilidade técnica. | D88: Unid. | E88: 1 | F88: 8 | G88: 600 | H88: =ROUND(F88*G88,2) -> 4800
A89: =A88+1 -> 74 | B89: Tenda Piramidal - TIPO 2 (4x4) Imagem Ilustrativa: | C89: Locação de tendas 4x4 m, tipo pirâmide, fabricada em chapa de ferro tubular com medidas de 13” a 18” e soldada por sistema MIG, coberta em lona de Cobertura em PVC calambrado, com reforço em poliéster impermeável, blackout solar, anti- chama e anti-mofo, além de ser vulcanizada em alta temperatura, incluso montagem/desmontagem de tenda com lona e estrutura metálica e anotação de responsabilidade técnica. | D89: Unid. | E89: 1 | F89: 14 | G89: 610 | H89: =ROUND(F89*G89,2) -> 8540
A90: =A89+1 -> 75 | B90: Palco Imagem Ilustrativa: | C90: Locação de palco coberto em lona PVC calambrado, com estrutura toda metálica Box Truss Q25, medindo 10x8x1,40, com escada, incluso montagem/desmontagem de palco com lona e estrutura metálica e anotação de responsabilidade técnica. | D90: Unid. | E90: 1 | F90: 2 | G90: 3000 | H90: =ROUND(F90*G90,2) -> 6000
A91: =A90+1 -> 76 | B91: Estruturas Em Box Truss Q25 Tipo 1 Imagem Ilustrativa: | C91: Locação de Backdrop Premiação 3x3 M (20m lineares) com instalação de lonas com slogan do evento. Inclusa montagem / desmontagem de estrutura metálica com banner e anotação de responsabilidade técnica. | D91: Unid. | E91: 1 | F91: 4 | G91: 2566.67 | H91: =ROUND(F91*G91,2) -> 10266.68
A92: =A91+1 -> 77 | B92: Estruturas Em Box Truss Q25 Tipo 2 Imagem Ilustrativa: | C92: Locação de 1 Pórtico Largada/Chegada (40m lineares) com instalação de lonas com slogan do evento. Inclusa montagem/desmontagem de estrutura metálica com banner e anotação de responsabilidade técnica. | D92: Unid. | E92: 1 | F92: 2 | G92: 3533.33 | H92: =ROUND(F92*G92,2) -> 7066.66
A93: =A92+1 -> 78 | B93: Estrutura de Pódio Imagem Ilustrativa: | C93: Locação pódio de 3 Lugares Em Madeira | D93: Unid. | E93: 1 | F93: 2 | G93: 683.33 | H93: =ROUND(F93*G93,2) -> 1366.66
A94: SUBTOTAL | H94: =ROUND(SUM(H80:H93),2) -> 80744.62
A96: Seção IV: Transportes
A98: Item | B98: Tipo de Serviço ou Produto | C98: ESPECIFICAÇÃO DETALHADAS | D98: Unidade de Medida | E98: Quantidade Mínima | F98: Quantidade Total | G98: Valor Unitário | H98: Valor Total
A99: =A93+1 -> 79 | B99: Aluguel Veículo de som TIPO 1 (grande porte) Imagem Ilustrativa: | C99: Carro de som tipo trio elétrico, para transporte de grupo de pessoas, em carreatas ou atos de mobilização com motorista profissional, quilometragem livre, com capacidade mínima para 12 pessoas e com som. | D99: Diária de 06h | E99: 1 | F99: 2 | G99: 6033.33 | H99: =ROUND(F99*G99,2) -> 12066.66
A100: =A99+1 -> 80 | B100: Aluguel Veículo de som TIPO 2 (pequeno porte) Imagem Ilustrativa: | C100: Carro de som simples, para realização de passeatas ou atos de mobilização de grupo de pessoas, com motorista profissional, quilometragem livre, com capacidade mínima para 12 pessoas e com som ao vivo. | D100: Diária de 6hrs | E100: 1 | F100: 3 | G100: 3500 | H100: =ROUND(F100*G100,2) -> 10500
A101: SUBTOTAL | H101: =ROUND(SUM(H99:H100),2) -> 22566.66
A103: Seção V: Alimentação e Bebidas
A105: Grupo I - Alimentação e Bebidas em Geral
A106: Item | B106: Tipo de Serviço ou Produto | C106: ESPECIFICAÇÃO DETALHADAS | D106: Unidade de Medida | E106: Quantidade Mínima | F106: Quantidade Total | G106: Valor Unitário | H106: Valor Total
A107: =A100+1 -> 81 | B107: Agua mineral (300ml) | C107: (com ou sem gás) de 300 ml. | D107: Unid. | E107: 20 | F107: 3000 | G107: 2.36 | H107: =ROUND(F107*G107,2) -> 7080
A108: =A107+1 -> 82 | B108: Caixa de Água Mineral (copo) | C108: Água Mineral em caixa c/ 48 Copos de 200 ml. | D108: Unid. | E108: 1 | F108: 210 | G108: 34.67 | H108: =ROUND(F108*G108,2) -> 7280.7
A109: =A108+1 -> 83 | B109: Café servido em garrafa térmica (2 litros) | C109: Incluindo copos e colheres descartáveis, açúcar e adoçante. | D109: Unid. | E109: 1 | F109: 180 | G109: 16.23 | H109: =ROUND(F109*G109,2) -> 2921.4
A110: =A109+1 -> 84 | B110: Bebidas | C110: 3 horas de duração – água mineral (com e sem gás), 2 tipos de refrigerantes (normal e dietético), 2 tipos de sucos de frutas naturais, 1 tipo de coquetel de frutas. Cobertura completa (garçom, copeira, copos e taças em vidro, etc.). | D110: Por Pessoa | E110: 10 | F110: 300 | G110: 17.5 | H110: =ROUND(F110*G110,2) -> 5250
A111: =A110+1 -> 85 | B111: Coffee Break Tipo 1 (Reuniões e Seminários) | C111: Salgados variados (fritos e de forno); mini hambúrguer, quiches, crepes, bolos com e sem cobertura, doces e tortas, tortaletes (sabores variados), cesta de torradas e pães variados; geleia de frutas, inclusive dietética; frutas frescas da estação; tábua de queijos e frios variados; requeijão; pão de queijo; pães e pastas variados; petit four doce e salgado. Bebidas: café, leite quente; chocolate quente; suco natural de frutas (3 sabores); refrigerantes normais/lights; açúcar e adoçante. Self Service - Necessário cobertura de garçom, copeira, mesas, toalhas, louça em porcelana, copos/taças em vidro, talheres de aço inox, guardanapos, arranjos, e o que mais for necessario para realização eficaz do serviço). | D111: Por Pessoa | E111: 15 | F111: 1200 | G111: 55 | H111: =ROUND(F111*G111,2) -> 66000
A112: =A111+1 -> 86 | B112: Coffee Break Tipo 2 (Café da manhã / Regional) | C112: Salgados variados (assados ou fritos) mini sandíche reguional de queijo qualho com tucumã, mini sanduíches x- caboquinho, tapioca (com e sem recheio), pastas diversas regionais, bolos com sabor regional (milho, macaxeira etc), frutas diversas, Salgados variados (fritos e de forno); mini hambúrguer, quiches, crepes, bolos com e sem cobertura, doces e tortas, tortaletes (sabores variados), cesta de torradas e pães variados; geleia de frutas, inclusive dietética; frutas frescas da estação; tábua de queijos e frios variados; requeijão; pão de queijo; pães e pastas variados; petit four doce e salgado. Bebidas: café, leite quente; chocolate quente; suco natural de frutas (3 sabores); refrigerantes normais/lights; açúcar e adoçante. Self Service - Podendo ser necessário cobertura de garçom, copeira, mesas, toalhas, louça em porcelana, copos/taças em vidro, talheres de aço inox, guardanapos, arranjos, e o que mais for necessario para realização eficaz do serviço) | D112: Por Pessoa | E112: 15 | F112: 200 | G112: 177.25 | H112: =ROUND(F112*G112,2) -> 35450
A113: =A112+1 -> 87 | B113: Coffee Break Tipo 3 (Brunch c/ prato quente) | C113: Salgados finos e quentes, variados; docinhos miúdos finos, variados; canapés finos, variados; frios sortidos; pastas variadas para servir com torradas ou bolachinhas; pães variados, barquetes; prato quente (risoto de frango, camarão ou mariscos ou pratos típicos); massas, tortas, panquecas doces e salgadas, crepes, muffins, cookies; refrigerantes normais/lights e água mineral; sucos de frutas regionais (4 tipos); coquetel de frutas sem álcool. Podendo ser Selfie Service ou servido na mesa com cobertura completa de garçom, copeira, mesas, toalhas, louça em porcelana, copos/taças em vidro, talheres de aço inox, guardanapos, arranjos, e o que mais for necessário para boa eficiência do serviço | D113: Por Pessoa | E113: 10 | F113: 500 | G113: 72.5 | H113: =ROUND(F113*G113,2) -> 36250
A114: =A113+1 -> 88 | B114: Coffee Break Tipo 4 (Coquitel completo para cerimônias e solenidades) | C114: Salgados finos e quentes, variados; docinhos miúdos finos, variados; canapés finos, variados; frios sortidos; pastas variadas para servir com torradas ou bolachinhas; pães variados, barquetes; prato quente (risoto de frango, camarão ou mariscos); massas, tortas, panquecas doces e salgadas, crepes, muffins, cookies; refrigerantes normais/lights e água mineral; sucos de frutas regionais (4 tipos); coquetel de frutas sem álcool. Deverá ser servido nas mesas. Cobertura completa (garçom, copeira, mesas, toalhas, louça em porcelana, copos/taças em vidro, talheres de aço inox, guardanapos, arranjos, etc.) | D114: Por Pessoa | E114: 10 | F114: 200 | G114: 177.5 | H114: =ROUND(F114*G114,2) -> 35500
A115: =A114+1 -> 89 | B115: Lanche Tipo 1 (Capacitações / estudio lives) | C115: Sanduíche do tipo misto, sendo o pão francês e de forma integral, com queijo muçarela, presunto de peru e manteiga. Bebida: 2 tipos de sucos de frutas naturais. | D115: Por Pessoa | E115: 10 | F115: 520 | G115: 22.5 | H115: =ROUND(F115*G115,2) -> 11700
A116: =A115+1 -> 90 | B116: Lanche Tipo 2 | C116: mini sanduíches com pastas diversas ou com queijo muçarela, presunto de peru, sendo em pão de forma integral ou normal, pão frances ou massa fina, salgadinhos fritos ou assados diversos, bolachas ou biscoiotos. Bebida:Café puro, café com leite, com e sem açucar, suco natural (1 sabor) refrigerante. | D116: Por Pessoa | E116: 20 | F116: 1000 | G116: 41 | H116: =ROUND(F116*G116,2) -> 41000
A117: =A116+1 -> 91 | B117: Lanche Tipo 3 (corridas/atos e mobilizações) | C117: Sanduíche do tipo misto, sendo o pão integral, com queijo muçarela, presunto de peru, manteiga, ou pasta de frango ou atum. Frutas (2 tipos: laranja, ou banana e/ou maça)Bebida: 2 tipos de sucos de frutas em caixa. | D117: Por Pessoa | E117: 30 | F117: 1000 | G117: 47.25 | H117: =ROUND(F117*G117,2) -> 47250
A118: =A117+1 -> 92 | B118: Almoço/ Jantar (eventos finos) | C118: Alto padrão: Couvert; Entrada: 2 opções de pratos frios (saladas, cremes ou mousses); 2 pratos principais (primeiro e segundo pratos): opções de peixe, carne nobre ou massa, com respectivas guarnições; 2 opções de sobremesa (doces, sorvetes, tortas e frutas da estação). Deverá ser oferecido com serviço à francesa ou à inglesa, de acordo com a conveniência do contratante. Cobertura completa (garçom, copeira, mesas, toalhas, louças de porcelana, copos/taças de vidro, talheres em aço inox, guardanapos, arranjos, etc). | D118: Por Pessoa | E118: 50 | F118: 320 | G118: 92.85 | H118: =ROUND(F118*G118,2) -> 29712
A119: SUBTOTAL | H119: =ROUND(SUM(H107:H118),2) -> 325394.1
A121: Grupo II - Frutas In Natura
A122: Item | B122: Tipo de Serviço ou Produto | C122: ESPECIFICAÇÃO DETALHADAS | D122: Unidade de Medida | E122: Quantidade Mínima | F122: Quantidade Total | G122: Valor Unitário | H122: Valor Total
A123: =A118+1 -> 93 | B123: Maçã | C123: Classificação "Extra"*, Tipo Fuji | D123: Unid. | E123: 500 | F123: 2000 | G123: 3.64 | H123: =ROUND(F123*G123,2) -> 7280
A124: =A123+1 -> 94 | B124: Banana Prata | C124: Classificação Extra | D124: Unid. | E124: 500 | F124: 2000 | G124: 1.3 | H124: =ROUND(F124*G124,2) -> 2600
A125: SUBTOTAL | H125: =ROUND(SUM(H123:H124),2) -> 9880
A127: Grupo III - Alimentos Prontos
A128: Item | B128: Tipo de Serviço ou Produto | C128: ESPECIFICAÇÃO DETALHADAS | D128: Unidade de Medida | E128: Quantidade Mínima | F128: Quantidade Total | G128: Valor Unitário | H128: Valor Total
A129: =A124+1 -> 95 | B129: Bolo personalizado Tipo 1 | C129: 3 andares, como tema enfermagem, dois tipos de recheio. Decoração, cobertura e recheios do bolo a serem definidos posteriormente pelo Coren-AM. | D129: Unid. | E129: 1 | F129: 2 | G129: 800 | H129: =ROUND(F129*G129,2) -> 1600
A130: =A129+1 -> 96 | B130: Bolo personalizado Tipo 2 | C130: Bolo personalizado, 2 andares, como tema a ser escolhido pelo coren, um tipo de recheio. Decoração, cobertura e recheio do bolo a ser definido posteriormente pelo Coren-AM. | D130: Unid. | E130: 1 | F130: 5 | G130: 527.5 | H130: =ROUND(F130*G130,2) -> 2637.5
A131: SUBTOTAL | H131: =ROUND(SUM(H129:H130),2) -> 4237.5
A133: Seção VI: Ornamentação
A135: Item | B135: Tipo de Serviço ou Produto | C135: ESPECIFICAÇÃO DETALHADAS | D135: Unidade de Medida | E135: Quantidade Mínima | F135: Quantidade Total | G135: Valor Unitário | H135: Valor Total
A136: =A130+1 -> 97 | B136: Arranjos florais altos | C136: Arranjos florais altos para centro de mesa com diâmetro de 0,30m e altura de 0,6m, em vaso de vidro ou prata, com flores nobres naturais. | D136: Und. | E136: 2 | F136: 75 | G136: 131.48 | H136: =ROUND(F136*G136,2) -> 9861
A137: =A136+1 -> 98 | B137: Arranjo de orquídeas em cachepô | C137: Arranjo de orquídeas em cachepô: com diâmetro de 0,30m e altura de 0,6m, em vaso de vidro ou prata. | D137: Und. | E137: 2 | F137: 60 | G137: 139.08 | H137: =ROUND(F137*G137,2) -> 8344.8
A138: =A137+1 -> 99 | B138: Planta em Vaso de chão e cachepó | C138: Planta em Vaso de chão e cachepó: Planta com 1,70m de altura mínima e cachepó de 0,60m x 0,60m x 0,60m | D138: Und. | E138: 2 | F138: 50 | G138: 145.07 | H138: =ROUND(F138*G138,2) -> 7253.5
A139: SUBTOTAL | H139: =ROUND(SUM(H136:H138),2) -> 25459.3
A141: Seção VII: Gráficos
A143: Item | B143: Tipo de Serviço ou Produto | C143: ESPECIFICAÇÃO DETALHADA | D143: Unidade de Medida | E143: Quantidade Mínima | F143: Quantidade Total | G143: Valor Unitário | H143: Valor Total
A144: =A138+1 -> 100 | B144: Adesivos Constitucionais. Imagem Ilustrativa: | C144: Personalizado com arte definida pelo Coren-AM. Podendo variar de tamanhos de 5cm até 10cm. Em diversos tamanhos para brindes e com corte feito pela gráfica. | D144: Unid. | E144: 500 | F144: 2000 | G144: 2 | H144: =ROUND(F144*G144,2) -> 4000
A145: =A144+1 -> 101 | B145: Balão Blimp Inflável Personalizado. Imagem Ilustrativa: | C145: No tamanho de 2,50m. Material PVC 0,30. Com logo impressa nos dois lados do balão. Contendo 1 rede de amarração e 1 soquete de lâmpada para suporte do balão 1 suporte ou pedestal de 3m. | D145: Unid. | E145: 1 | F145: 2 | G145: 7000 | H145: =ROUND(F145*G145,2) -> 14000
A146: =A145+1 -> 102 | B146: Banner Backdrop Premiação | C146: 9 M² - Impressão Digital Colorida 720dpi Em Lona Com Acabamento Reforçado Com Ilhós. | D146: Unid. | E146: 1 | F146: 2 | G146: 1106.67 | H146: =ROUND(F146*G146,2) -> 2213.34
A147: =A146+1 -> 103 | B147: Banners Pórtico De Largada/Chegada | C147: (1 Pórtico) 14,00m² - Impressão Digital Colorida 720dpi Em Lona Com Acabamento - Reforçado Com Ilhós. | D147: Unid. | E147: 1 | F147: 2 | G147: 1716.67 | H147: =ROUND(F147*G147,2) -> 3433.34
A148: =A147+1 -> 104 | B148: Banner, medindo 1,20 x 0,80m Imagem Ilustrativa: | C148: Impresso eletronicamente em lona vinílica com furos nas laterais e cordas para suporte. Arte a ser definida pelo COREN-AM posteriormente. | D148: Unid. | E148: 1 | F148: 60 | G148: 173.33 | H148: =ROUND(F148*G148,2) -> 10399.8
A149: =A148+1 -> 105 | B149: Bloco de anotações personalizado Imagem Ilustrativa: | C149: produzido em papel off-set 90g, contendo 25 folhas internas com impressão 4x0 cores somente uma face impressa (da capa a Contra-capa), tamanho a A5 15x21cm acabamento blocagem na parte superior/capa e contra capa em papel kraft. Arte a ser definida pelo COREN-AM posteriormente. | D149: Unid. | E149: 100 | F149: 6000 | G149: 4.24 | H149: =ROUND(F149*G149,2) -> 25440
A150: =A149+1 -> 106 | B150: Botton/ PIN Imagem Ilustrativa: | C150: Recortado em relevo. Pin de aço medindo até 25 m/m² x 0,60 m/m de espessura, e fecho borboleta ou imã. Arte Logo do Coren-AM. | D150: Unid. | E150: 20 | F150: 1000 | G150: 7.22 | H150: =ROUND(F150*G150,2) -> 7220
A151: =A150+1 -> 107 | B151: Camisas Tipo I Imagem Ilustrativa: | C151: Tecido em malha de algodão de alta qualidade (100% algodão com fio 30.1) - na cor branca com logo do COREN-AM com impressão nas costas com a frase Üm Coren de Todos para Todos” padrão: no tamanho P, M, G, GG, EG e EXG. Na etiqueta deve constar as especificações da camisa, bem como o CNPJ da empresa. Arte a ser definida pelo COREN-AM posteriormente. | D151: Unid. | E151: 50 | F151: 5000 | G151: 27 | H151: =ROUND(F151*G151,2) -> 135000
A152: =A151+1 -> 108 | B152: Camisas Tipo II Imagem Ilustrativa: | C152: Em tecido poliéster: Impressão sublimada em cores diversas; nos tamanhos P, M, G, GG, EG, EXG Na etiqueta deve constar as especificações da camisa, bem como o CNPJ da empresa. Arte a ser definida pelo COREN-AM posteriormente. | D152: Unid. | E152: 10 | F152: 1500 | G152: 48 | H152: =ROUND(F152*G152,2) -> 72000
...
